 Dungeon Crawl Stone Soup version 0.18-a0-1372-gd644665 (webtiles) character file.

1234 MDvedh the Basher (level 8, -5/64 HPs)
             Began as a Minotaur Abyssal Knight on Feb 21, 2016.
             Was a Believer of Lugonu.
             Killed by nerve-wracking pain
             ... invoked by Menkaure
              (11 damage)
             ... on level 5 of the Dungeon.
             The game lasted 00:08:26 (4967 turns).

MDvedh the Basher (Minotaur Abyssal Knight)         Turns: 4967, Time: 00:08:26

Health: -5/64      AC:  8    Str: 19    XL:     8   Next: 24%
Magic:  8/8        EV:  7    Int:  9    God:    Lugonu [**....]
Gold:   222        SH:  0    Dex: 10    Spells: 0 memorised, 7 levels left

rFire  . . .     SeeInvis .     i - +1 whip (freeze)
rCold  . . .     Gourm    .     q - +0 chain mail
rNeg   + . .     Faith    .     (no shield)
rPois  .         Spirit   .     (helmet restricted)
rElec  .         Dismiss  .     (no cloak)
rCorr  .         Reflect  .     (no gloves)
SustAt .         Harm     .     (no boots)
MR     .....                    (no amulet)
Stlth  ..........               (no ring)
                                d - ring of positive energy

@: not resistant to hostile enchantments, extremely unstealthy
A: retaliatory headbutt, horns 2
a: Depart the Abyss, Bend Space, Renounce Religion


You were on level 5 of the Dungeon.
You worshipped Lugonu.
Lugonu was pleased with you.
You were not hungry.

You visited 1 branch of the dungeon, and saw 5 of its levels.
You visited the Abyss 1 time.

You collected 222 gold pieces.

Inventory:

Hand Weapons
 a - a +2 mace
 i - a +1 whip of freezing (weapon)
 s - a +0 flail
Missiles
 l - 2 throwing nets (quivered)
Armour
 q - a +0 chain mail (worn)
Jewellery
 d - a ring of positive energy (left hand)
Scrolls
 b - a scroll of teleportation
 e - 2 scrolls of remove curse
 j - 2 scrolls of enchant weapon
 m - a scroll of recharging
Potions
 f - 3 potions of curing
 o - a potion of ambrosia {unknown}
 p - a potion of agility {unknown}
Comestibles
 c - 5 bread rations
 g - 3 meat rations
 h - 10 fruits
 k - 2 slices of pizza
 n - 2 beef jerkies
 r - 6 chunks of flesh


   Skills:
 - Level 3.6 Fighting
 + Level 11.7 Maces & Flails
 - Level 2.4 Armour
 - Level 1.1 Dodging
 - Level 2.1 Invocations


You had 7 spell levels left.
You didn't know any spells.

Dungeon Overview and Level Annotations

Branches:
Dungeon (5/15)             Temple (0/1) D:4

Altars:
Cheibriados
Fedhas
Okawaru
Pakellas
Qazlal
Vehumet

Annotations:
D:2 Sigmund, Terence
D:5 Menkaure


Innate Abilities, Weirdness & Mutations

You reflexively headbutt those who attack you in melee.
You have a pair of horns on your head.


Message History

Menkaure seems to speed up.
As you open the door, it creaks loudly!
There is an open door here.
Menkaure calls on the powers of darkness!
Your body is wracked with pain!
You see here an iguana skeleton.
A centaur comes into view.
The centaur shouts!
Menkaure calls on the powers of darkness!
Your body is wracked with pain!
* * * LOW HITPOINT WARNING * * *
The centaur wields a shortbow.
The centaur shoots an arrow.
The arrow hits you!
* * * LOW HITPOINT WARNING * * *
You see here an arrow.
Read which item? (? for menu, Esc to quit)
Okay, then.
You close the door.
Menkaure gestures at you while chanting.
Pain shoots through your body!
You die...

.....# ... .....# .... .....# ...
.....# ... .....###########.#
#+## .........c.....#.##...##
...............#........
.........>...÷.+........
...............#@.......
...............#........
..........######........
####......#...##÷....###
#......#...##.....##
#......#....M........
#..M...#.................
#......#.................
####......#..###...####....###+##


You could see Menkaure.

Vanquished Creatures
  Pikel (D:4)
  Eustachio (D:5)
  3 slaves (D:4)
  2 ogres (D:4)
  A crimson imp (D:5)
  A quasit (D:5)
  2 hounds
  3 iguanas
  5 worker ants
  A hound skeleton (D:4)
  3 gnolls (D:4)
  8 adders
  A shadow imp (D:5)
  An ooze (D:4)
  An adder skeleton (D:4)
  A worm (D:1)
  4 orcs (D:3)
  A ball python (D:3)
  2 giant cockroaches
  2 goblins (D:3)
  2 hobgoblins
  3 jackals
  7 kobolds
  2 quokkas
  3 bats
  3 giant newts
  3 rats
67 creatures vanquished.

Notes
Turn   | Place    | Note
--------------------------------------------------------------
     0 | Abyss:1  | MDvedh the Minotaur Abyssal Knight began the quest for the Orb.
     0 | Abyss:1  | Reached XP level 1. HP: 19/19 MP: 1/1
    20 | D:1      | Escaped the Abyss
   286 | D:1      | Found an iron altar of Okawaru.
   431 | D:1      | Reached XP level 2. HP: 19/26 MP: 2/2
   720 | D:2      | Reached * piety under Lugonu
  1218 | D:2      | Noticed Sigmund
  1234 | D:2      | Noticed Terence
  1341 | D:3      | Reached skill level 4 in Maces & Flails
  1341 | D:3      | Reached XP level 3. HP: 28/31 MP: 3/3
  1802 | D:3      | Found a stormy altar of Qazlal.
  1803 | D:3      | Noticed a water elemental
  1807 | D:3      | Noticed an earth elemental
  1808 | D:3      | Noticed an air elemental
  1808 | D:3      | Noticed a fire elemental
  1873 | D:3      | Found a snail-covered altar of Cheibriados.
  2086 | D:3      | Found a faded altar to an unknown god.
  2195 | D:3      | Reached skill level 5 in Maces & Flails
  2268 | D:3      | Reached XP level 4. HP: 35/39 MP: 4/4
  2430 | D:4      | Noticed an ogre
  2435 | D:3      | Reached ** piety under Lugonu
  2810 | D:4      | Reached skill level 6 in Maces & Flails
  2812 | D:4      | Reached XP level 5. HP: 35/45 MP: 5/5
  2925 | D:4      | Noticed an ogre
  2935 | D:4      | Killed an ogre
  2935 | D:4      | Reached skill level 7 in Maces & Flails
  3239 | D:4      | Reached XP level 6. HP: 30/51 MP: 6/6
  3280 | D:4      | Noticed Pikel
  3520 | D:4      | Reached skill level 8 in Maces & Flails
  3739 | D:4      | Noticed a slave
  3739 | D:4      | Noticed a slave
  3978 | D:4      | Found a staircase to the Ecumenical Temple.
  4027 | D:4      | Noticed a slave
  4029 | D:4      | Noticed a slave
  4054 | D:4      | Killed a slave
  4069 | D:4      | Killed a slave
  4433 | D:4      | Killed a slave
  4453 | D:4      | Killed Pikel
  4453 | D:4      | Reached skill level 10 in Maces & Flails
  4453 | D:4      | Reached XP level 7. HP: 51/57 MP: 7/7
  4568 | D:5      | Entered Level 5 of the Dungeon
  4568 | D:5      | Found a blossoming altar of Fedhas.
  4568 | D:5      | Found an oddly glowing altar of Pakellas.
  4568 | D:5      | Found a radiant altar of Vehumet.
  4655 | D:5      | Noticed Eustachio
  4698 | D:5      | Killed Eustachio
  4698 | D:5      | Reached skill level 11 in Maces & Flails
  4698 | D:5      | Reached XP level 8. HP: 24/64 MP: 8/8
  4836 | D:5      | Noticed Menkaure
  4967 | D:5      | Killed from afar by Menkaure

Vault maps used:
D:1:      matt_arrival_grand_opening, minmay_misc_feat_room,
          okawaru_ov_weapons_minmay
D:2:      uniq_sigmund, uniq_terence
D:3:      marbit_many_paths, ecumenical_altar_1,
          nicolae_qazlal_style_of_elements
D:4:      minmay_temple_entry_large_hall, first_bread, uniq_pikel
D:5:      grunt_temple_overflow_open, serial_shops, nicolae_shop_statue_plus,
          portal_sewer_entry_b, uniq_menkaure, uniq_eustachio

Action                   |  1- 3 |  4- 6 |  7- 9 || total
-------------------------+-------+-------+-------++-------
Melee: Mace              |    69 |   141 |       ||   210
       Whip              |       |       |    49 ||    49
Invok: Depart the Abyss  |     1 |       |       ||     1
  Use: Scroll            |     4 |     4 |     1 ||     9
       Potion            |     1 |     2 |     1 ||     4
  Eat: Chunk             |     4 |     7 |     2 ||    13
